 Dungeon Crawl Stone Soup version 0.17-a0-1927-g319369b (webtiles) character file.

214 Ordine the Digger (level 5, -2/28 HPs)
             Began as a Gargoyle Earth Elementalist on Sept 29, 2015.
             Slain by an ogre
             ... wielding a +0 giant spiked club
              (16 damage)
             ... on level 4 of the Dungeon.
             The game lasted 00:14:30 (3198 turns).

Ordine the Digger (Gargoyle Earth Elementalist)     Turns: 3198, Time: 00:14:30

Health: -2/28      AC: 12    Str: 11    XL:     5   Next: 91%
Magic:  7/11       EV: 11    Int: 17    God:
Gold:   198        SH:  3    Dex: 10    Spells: 4 memorised, 1 level left

rFire  . . .     SeeInvis .     a - 98 stones
rCold  . . .     Clarity  .     l - +2 animal skin
rNeg   + + .     SustAt   .     j - +0 buckler
rPois  ∞         Gourm    .     m - +0 helmet
rElec  +         Spirit   .     (no cloak)
rCorr  .         Warding  .     f - +0 pair of gloves
rMut   .         Stasis   .     (no boots)
MR     .....                    (no amulet)
Stlth  ++........               (no ring)
                                b - ring of positive energy

@: stone skin, not resistant to hostile enchantments, unstealthy
A: negative energy resistance 1, electricity resistance, unbreathing,
petrification resistance, rot immunity, AC +4
a: no special abilities


You were on level 4 of the Dungeon.
You were hungry.

You visited 1 branch of the dungeon, and saw 4 of its levels.

You collected 198 gold pieces.

Inventory:

Hand weapons
 t - a +0 flail
Missiles
 a - 98 stones (in hand)
Armour
 f - a +0 pair of gloves (worn)
 j - a +0 buckler (worn)
 l - a +2 animal skin (worn)
 m - a +0 helmet (worn)
Jewellery
 b - a ring of positive energy (left hand)
Magical devices
 n - a wand of magic darts (30)
 u - a wand of magic darts (25)
Scrolls
 q - a scroll of enchant armour
 r - a scroll of remove curse
Potions
 e - a potion of might
 k - a potion of curing {unknown}
 o - a potion of berserk rage
 p - 5 potions of heal wounds
 s - a potion of haste {unknown}
Books
 c - a book of Geomancy

   Spells                             Type                      Level
   a - Sandblast                      Earth                        1
   b - Stoneskin                      Transmutation/Earth          2
   c - Passwall                       Transmutation/Earth          3
   d - Stone Arrow                    Conjuration/Earth            3
   e - Petrify                        Transmutation/Earth          4
   f - Lee's Rapid Deconstruction     Earth                        5
Comestibles
 d - a bread ration
 g - 2 slices of pizza
 h - 3 fruits
 i - a meat ration


   Skills:
 - Level 1.5 Dodging
 - Level 2.1 Stealth
 * Level 4.3 Spellcasting
 + Level 1.9 Conjurations
 - Level 0.7 Transmutations
 + Level 5.0 Earth Magic


You had one spell level left.
You knew the following spells:

 Your Spells              Type           Power        Failure   Level  Hunger
a - Sandblast             Erth           ###...       3%          1    None
b - Stoneskin             Trmt/Erth      ##......     14%         2    ##.....
c - Stone Arrow           Conj/Erth      ###...       21%         3    ###....
d - Lee's Rapid Deconstr  Erth           ###.......   86%         5    ######.


Dungeon Overview and Level Annotations

Branches:
Dungeon (4/15)
 Temple: D:4-7

Altars:


Innate Abilities, Weirdness & Mutations

You are resistant to torment.
Your stone body is resilient (AC +4).
You are immune to poison.
You resist negative energy.
You are resistant to electric shocks.
You can survive without breathing.
You are immune to petrification.
You are immune to rotting.


Message History

Confirm with . or Enter, or press ? or * to list all spells.
Aiming: Sandblast
Press: ? - help, Shift-Dir - straight line, f/p - ogre
Aim: an ogre, wielding a giant spiked club (moderately wounded)
The rocky blast hits the ogre.
The ogre is moderately wounded.
Casting: Sandblast
Confirm with . or Enter, or press ? or * to list all spells.
Aiming: Sandblast
Press: ? - help, Shift-Dir - straight line, f/p - ogre
Aim: an ogre, wielding a giant spiked club (moderately wounded)
The rocky blast hits the ogre.
The ogre is heavily wounded.
The ogre closely misses you.
Casting: Sandblast
Confirm with . or Enter, or press ? or * to list all spells.
Your skin hardens.
The ogre hits you with a giant spiked club!
Ouch! That really hurt!
You die...

#.......#..+......#.....
#.......'..#..##.######+
.##.##'##.##+##.#####..
##...### #....+...
##.....## #...##...
##.#..)#.## #...##...
##.8.8.8.8.## #........
#...........###...###+#
+.....@O....'.#...##..#
#...........#..........
##.8.8.8.8.####...##..#
##.#...#.##.##...##.>#
##.....###.##........
##...##.............
##'##'##.##...##.##
#..##.##.##...##.##
#.....####.......#.


You could see an ogre.

Vanquished Creatures
  A crimson imp (D:4)
  A hound (D:3)
  An orc priest (D:4)
  Robin (D:2)
  A worker ant zombie (D:3)
  2 adders
  An ooze (D:3)
  An adder skeleton (D:4)
  A giant gecko (D:3)
  8 orcs
  A ball python (D:3)
  3 bats
  4 giant cockroaches
  6 hobgoblins
  4 giant newts
  18 goblins
  9 kobolds
  4 rats
67 creatures vanquished.

Notes
Turn   | Place    | Note
--------------------------------------------------------------
     0 | D:1      | Ordine the Gargoyle Earth Elementalist began the quest for the Orb.
     0 | D:1      | Reached XP level 1. HP: 10/10 MP: 3/3
    90 | D:1      | Reached XP level 2. HP: 15/15 MP: 0/5
   100 | D:1      | Learned a level 2 spell: Stoneskin
   607 | D:1      | Reached skill level 4 in Earth Magic
  1044 | D:2      | Reached XP level 3. HP: 19/19 MP: 1/7
  1202 | D:2      | Noticed Robin
  1211 | D:2      | Killed Robin
  1521 | D:2      | Reached XP level 4. HP: 24/24 MP: 5/9
  1528 | D:2      | Learned a level 3 spell: Stone Arrow
  2103 | D:3      | Reached XP level 5. HP: 16/28 MP: 1/10
  2110 | D:3      | Learned a level 5 spell: Lee's Rapid Deconstruction
  2258 | D:3      | Reached skill level 1 in Conjurations
  3044 | D:4      | Reached skill level 5 in Earth Magic
  3175 | D:4      | Noticed an ogre
  3198 | D:4      | Slain by an ogre

Vault maps used:
D:1:      dpeg_arrival_rooms_with_view, kennysheep_flooded_box,
          grunt_decor_fettered, minmay_surrounded
D:2:      uniq_robin
D:4:      dk_noncrumbling_3

Action                   |  1- 3 |  4- 6 || total
-------------------------+-------+-------++-------
Melee: Club              |    57 |       ||    57
       Mace              |    12 |    23 ||    35
       Flail             |       |     6 ||     6
 Cast: Sandblast         |    55 |    72 ||   127
       Stoneskin         |       |     1 ||     1
  Use: Scroll            |     1 |     6 ||     7
  Eat: Chunk             |     2 |     5 ||     7
